Map: Gresvan LE

Players

Ralstini

  • Race: Zerg Zerg
  • Spawn Location: 11:00

CheeseMaster - Winner!

  • Race: Protoss Protoss
  • League: Diamond
  • Spawn Location: 5:00

VOD

Have the link to the VOD?

Description

Time

  • Played on: July 17, 2023, 7:18 a.m.
  • Length: 14:42
Show
View Real Time Build Order
Export as new Build Order

Ralstini Zerg 

Build Orders: Pool First 

Get SALT Encoding   

  12  0:00  Drone  
  13  0:17  Overlord  
  13  0:23  Overlord  
  13  0:26  Drone  
  14  0:40  Drone  
  14  0:41  Drone  
  16  0:52  Drone  
  17  1:23  Drone x3, Spawning Pool  
  19  1:44  Hatchery  
  18  1:52  Drone  
  18  1:53  Drone  
  20  1:57  Extractor  
  20  1:59  Drone  
  20  2:09  Queen  
  22  2:19  Drone x2  
  24  2:31  Zergling x2  
  25  2:42  Drone  
  26  2:54  Drone  
  27  2:59  Zergling x2  
  28  3:14  Zergling x6  
  31  3:21  Metabolic Boost  
  31  3:25  Queen  
  32  3:40  Zergling x10  
  36  3:43  Overlord x2  
  36  3:56  Hatchery  
  35  4:10  Zergling x12  
  41  4:31  Zergling x2  
  41  4:32  Zergling x4  
  41  4:33  Overlord  
  40  5:02  Drone x5  
  42  5:20  Drone x3  
  45  5:30  Hatchery  
  45  5:34  Drone x3  
  47  5:47  Lair  
  47  5:51  Extractor  
  47  5:55  Queen  
  47  5:56  Extractor  
  47  6:00  Extractor  
  46  6:05  Spore Crawler  
  46  6:07  Spore Crawler  
  44  6:31  Queen  
  44  6:32  Overlord x4  
  46  6:44  Queen  
  46  6:46  Queen  
  50  6:48  Overlord  
  50  6:49  Overlord x4  
  50  6:55  Hydralisk Den  
  50  6:58  Zergling x2  
  50  6:59  Zergling x2  
  51  7:03  Drone  
  51  7:04  Drone  
  51  7:06  Queen  
  51  7:41  Hydralisk  
  51  7:42  Hydralisk x5  
  61  7:54  Drone x5  
  61  7:55  Drone  
  67  8:04  Drone  
  67  8:05  Drone x2  
  70  8:26  Drone x4  
  70  8:27  Drone x4  
  78  8:42  Drone x6  
  78  8:47  Zergling x2  
  78  8:48  Zergling x4  
  87  8:55  Baneling Nest  
  87  9:24  Zergling x30  
  87  9:25  Zergling x6  
  104  9:37  Zergling x14  
  104  9:38  Zergling x2  
  112  9:40  Baneling x13  
  112  9:58  Centrifugal Hooks  
  112  10:01  Grooved Spines  
  112  10:19  Zergling x26  
  112  10:20  Zergling x2, Overlord  
  112  10:21  Overlord x3  
  124  11:09  Zergling x30  
  124  11:10  Zergling x6  
  142  11:12  Muscular Augments  
  142  11:22  Evolution Chamber  
  142  11:23  Evolution Chamber  
  142  11:24  Drone  
  141  11:52  Zergling x6  
  141  11:53  Zergling x16  
  152  11:54  Zergling x12  
  142  12:29  Evolution Chamber  
  129  12:33  Spire  
  109  12:41  Spore Crawler  
  109  12:42  Spore Crawler  
  95  12:47  Spore Crawler  
  56  13:42  Spore Crawler  
  56  13:43  Spore Crawler  
  56  13:45  Spore Crawler  
  53  13:51  Spore Crawler x3  
  53  13:52  Spore Crawler  
  53  13:54  Corruptor x18  
  53  13:55  Corruptor x5  
  77  14:15  Spore Crawler  
  77  14:16  Spore Crawler  
  77  14:17  Spore Crawler  
  58  14:18  Spore Crawler  
Show
View Real Time Build Order
Export as new Build Order

CheeseMaster Protoss - Winner!

Build Orders: 1 Gate Expand, Carriers 

Get SALT Encoding   

  12  0:00  Probe  
  13  0:12  Probe  
  14  0:18  Pylon  
  14  0:24  Probe  
  15  0:36  Probe (Chrono Boost)  
  15  0:40  Gateway  
  16  0:46  Probe (Chrono Boost)  
  17  0:51  Probe  
  17  0:55  Assimilator  
  18  1:04  Probe  
  19  1:15  Pylon  
  18  1:21  Probe (Chrono Boost)  
  19  1:30  Probe (Chrono Boost)  
  20  1:40  Nexus  
  20  1:50  Cybernetics Core  
  20  1:57  Probe (Chrono Boost)  
  21  2:09  Pylon, Probe (Chrono Boost)  
  22  2:17  Probe (Chrono Boost)  
  22  2:21  Forge  
  23  2:27  Probe  
  24  2:30  Assimilator  
  24  2:31  Warp Gate (Chrono Boost)  
  24  2:32  Zealot  
  26  2:41  Pylon  
  26  3:00  Photon Cannon  
  26  3:01  Gateway  
  26  3:07  Photon Cannon  
  26  3:12  Pylon  
  26  3:25  Probe (Chrono Boost)  
  27  3:30  Probe (Chrono Boost)  
  27  3:32  Stalker  
  30  3:34  Probe (Chrono Boost)  
  30  3:41  Probe  
  30  3:42  Stargate  
  30  3:44  Photon Cannon  
  31  3:59  Pylon, Gateway  
  31  4:07  Pylon  
  32  4:10  Probe (Chrono Boost)  
  32  4:13  Probe (Chrono Boost)  
  33  4:20  Probe (Chrono Boost)  
  33  4:21  Gateway  
  35  4:24  Probe (Chrono Boost)  
  35  4:36  Probe  
  35  4:37  Void Ray (Chrono Boost)  
  40  4:45  Pylon, Probe  
  40  4:52  Twilight Council  
  41  4:54  Probe  
  42  5:03  Photon Cannon  
  42  5:06  Photon Cannon  
  42  5:08  Protoss Ground Weapons Level 1  
  42  5:20  Probe (Chrono Boost)  
  44  5:22  Assimilator  
  44  5:24  Assimilator  
  44  5:25  Charge (Chrono Boost), Probe (Chrono Boost)  
  45  5:29  Probe (Chrono Boost)  
  45  5:33  Probe (Chrono Boost)  
  45  5:34  Probe (Chrono Boost)  
  47  5:48  Nexus  
  47  5:51  Pylon  
  47  5:54  Pylon  
  47  5:56  Assimilator  
  47  5:59  Probe  
  47  6:01  Assimilator  
  48  6:09  Gateway  
  48  6:11  Gateway  
  48  6:14  Probe  
  49  6:19  Photon Cannon  
  49  6:21  Photon Cannon  
  49  6:28  Gateway  
  49  6:30  Shield Battery  
  49  6:37  Photon Cannon  
  49  6:38  Shield Battery  
  49  6:43  Photon Cannon  
  49  6:51  Zealot  
  51  6:54  Gateway  
  51  6:59  Gateway  
  51  7:01  Photon Cannon  
  51  7:03  Pylon  
  51  7:07  Pylon  
  52  7:11  Probe (Chrono Boost)  
  52  7:12  Probe (Chrono Boost)  
  53  7:20  Probe (Chrono Boost)  
  54  7:23  Fleet Beacon  
  54  7:27  Probe (Chrono Boost)  
  55  7:32  Probe (Chrono Boost)  
  55  7:36  Zealot  
  55  7:37  Zealot  
  55  7:38  Probe (Chrono Boost)  
  55  7:42  Probe x2 (Chrono Boost)  
  59  7:45  Shield Battery  
  59  7:46  Probe (Chrono Boost)  
  59  7:47  Probe (Chrono Boost)  
  61  7:54  Stargate  
  61  7:56  Pylon  
  61  8:01  Probe (Chrono Boost)  
  63  8:06  Probe (Chrono Boost)  
  63  8:07  Stargate  
  63  8:10  Probe (Chrono Boost)  
  63  8:11  Stargate  
  65  8:15  Probe (Chrono Boost)  
  65  8:16  Probe (Chrono Boost)  
  67  8:20  Probe (Chrono Boost)  
  67  8:27  Probe (Chrono Boost)  
  69  8:29  Probe (Chrono Boost)  
  69  8:31  Probe (Chrono Boost)  
  69  8:34  Carrier (Chrono Boost)  
  76  8:41  Nexus  
  76  8:43  Protoss Air Weapons Level 1 (Chrono Boost)  
  76  8:46  Pylon  
  76  8:49  Pylon  
  82  9:07  Carrier (Chrono Boost)  
  82  9:11  Gateway  
  82  9:14  Photon Cannon  
  82  9:15  Photon Cannon  
  82  9:20  Photon Cannon  
  82  9:21  Photon Cannon  
  82  9:22  Photon Cannon  
  82  9:24  Pylon  
  82  9:26  Shield Battery  
  82  9:36  Carrier (Chrono Boost)  
  94  9:50  Carrier (Chrono Boost)  
  94  9:56  Probe  
  94  9:59  Probe  
  108  10:08  Carrier (Chrono Boost)  
  108  10:21  Probe  
  109  10:22  Stargate, Probe  
  109  10:27  Carrier (Chrono Boost)  
  116  10:37  Carrier (Chrono Boost)  
  116  10:39  Protoss Air Weapons Level 2 (Chrono Boost)  
  122  10:43  Carrier (Chrono Boost)  
  122  10:45  Probe  
  123  10:50  Cybernetics Core  
  123  10:54  Probe  
  128  11:05  Carrier (Chrono Boost)  
  140  11:12  Carrier (Chrono Boost)  
  140  11:15  Carrier (Chrono Boost)  
  146  11:26  Carrier (Chrono Boost)  
  146  11:32  Probe, Carrier (Chrono Boost)  
  153  11:35  Assimilator  
  153  11:37  Assimilator  
  159  12:00  Carrier (Chrono Boost)  
  159  12:14  Pylon  
  164  12:15  Pylon  
  164  12:18  Pylon  
  154  12:28  Pylon  
  154  12:29  Carrier (Chrono Boost)  
  154  12:31  Pylon  
  160  12:44  Carrier (Chrono Boost)  
  160  12:47  Probe (Chrono Boost)  
  163  12:52  Probe (Chrono Boost)  
  163  12:54  Probe (Chrono Boost)  
  163  12:56  Probe (Chrono Boost)  
  176  13:02  Carrier x2 (Chrono Boost)  
  176  13:21  Zealot  
  178  13:31  Pylon  
  178  13:33  Pylon, Gateway  
  176  13:35  Pylon  
  176  13:36  Gateway  
  176  13:38  Gateway  
  176  13:42  Gateway  
Tags
 
Composition
Carriers
League
Diamond
Matchup
PvZ
Spawn Locations
Cross Positions
Add a new tag
Caveats
  • Supply blocks, unpowered buildings, or Contaminate may cause inaccurate times.
  • Supply counts are checked every 10 seconds.